 Dungeon Crawl Stone Soup version 0.25.1-2-g60ff931 (console) character file.

Game seed: 16562899727520806426

345 Godmorgon the Vexing (level 6, -1/32 HPs)
             Began as a Vampire Enchanter on Aug 30, 2020.
             Slain by a gnoll
             ... wielding a +0 spear
              (6 damage)
             ... on level 4 of the Dungeon.
             The game lasted 00:23:45 (5220 turns).

Godmorgon the Vexing (Vampire Enchanter)            Turns: 5220, Time: 00:23:46

Health: -1/32      AC:  3    Str:  7    XL:     6   Next: 32%
Magic:  3/10       EV: 13    Int: 20    God:
Gold:   231        SH:  0    Dex: 14    Spells: 4/10 levels left

rFire    . . .     SeeInvis +   a - +1 dagger
rCold    + + .     Gourm    .   (no shield)
rNeg     + + +     Faith    .   b - +0 robe
rPois    ∞         Spirit   .   (no helmet)
rElec    .         Reflect  .   (no cloak)
rCorr    .         Harm     .   q - +0 pair of gloves
MR       .....                  (no boots)
Stlth    +++++.....             (no amulet)
HPRegen  0.00/turn              (no ring)
MPRegen  0.12/turn              (no ring)

@: confusing touch, bloodless
A: no food, fangs 3, see invisible, unbreathing
a: Bat Form, Revivify


You were on level 4 of the Dungeon.
You were bloodless.

You visited 1 branch of the dungeon, and saw 4 of its levels.

You collected 231 gold pieces.

Inventory:

Hand Weapons
 a - a +1 dagger (weapon)
Missiles
 h - 30 stones
 p - 13 poisoned darts (quivered)
Armour
 b - a +0 robe (worn)
 q - a +0 pair of gloves (worn)
Jewellery
 k - an uncursed ring of ice
Scrolls
 c - 3 scrolls of immolation {unknown}
 d - a scroll of fog {unknown}
 e - 3 scrolls of magic mapping {unknown}
 i - a scroll of amnesia {unknown}
 j - 2 scrolls of fear {unknown}
 l - 2 scrolls of noise {unknown}
 m - 2 scrolls of remove curse {unknown}
 n - a scroll of random uselessness {unknown}
 o - 3 scrolls of identify {unknown}
 r - 2 scrolls of teleportation {unknown}
Potions
 f - a potion of curing {unknown}
 g - a potion of mutation {unknown}
 s - a potion of lignification {unknown}


   Skills:
 + Level 2.7 Short Blades
 + Level 3.1 Dodging
 + Level 5.7 Stealth
 + Level 2.8 Spellcasting
 * Level 6.4 Hexes
 * Level 2.8 Ice Magic


You had 4 spell levels left.
You knew the following spells:

 Your Spells              Type           Power        Failure   Level  Hunger
c - Corona                Hex            ####...      1%          1    N/A
e - Ensorcelled Hibernat  Hex/Ice        ###...       3%          2    N/A
C - Confusing Touch       Hex            ####....     3%          3    N/A

Your spell library contained the following spells:

 Spells                   Type           Power        Failure   Level  Hunger
 Tukima's Dance           Hex            ####....     3%          3    N/A
 Dazzling Flash           Conj/Hex       ###...       12%         3    N/A

Dungeon Overview and Level Annotations

Branches:
Dungeon (4/15)
 Temple: D:4-7

Altars:
Xom


Innate Abilities, Weirdness & Mutations

You do not eat.
You do not regenerate when monsters are visible.
You are frail without blood (-20% HP).
You can heal yourself when you bite living creatures.
You are immune to poison.
You have razor-sharp teeth.
You have supernaturally acute eyesight. (SInv)
You can survive without breathing.


Message History

The gnoll hits you with a +0 spear.
You barely miss the gnoll. The gnoll misses you.
Casting: Ensorcelled Hibernation (safe; 3% risk of failure)
Confirm with . or Enter, or press ? or * to list all spells.
Aiming: Ensorcelled Hibernation (safe; 3% risk of failure)
Press: ? - help, Shift-Dir - straight line, f - you, p - gnoll That would be overly suicidal.
Okay, then.
Okay, then.
Casting: Ensorcelled Hibernation (safe; 3% risk of failure)
Confirm with . or Enter, or press ? or * to list all spells.
Your hands begin to glow red.
The gnoll hits you with a +0 spear.
You hit the gnoll but do no damage. The gnoll hits you with a +0 spear.
You hit the gnoll but do no damage. The gnoll hits you with a +0 spear.
You hit the gnoll but do no damage. The gnoll hits you with a +0 spear!
The gnoll hits you from afar with a +0 spear!
* * * LOW HITPOINT WARNING * * *
There is a stone staircase leading up here.
The gnoll hits you from afar with a +0 spear.
You die...

...##.......# #....####....#
#...........### #....##...##.#
###...........###....##.####.#
##.....######...#....##.# #.#
#..###...#...##.........####.####
..## ###.#...####........(.......
...## #.#...###...###..####.....
.#..# #.....)...............####
..#.####.......#@..#..######.#
....##.[.#.......##.(## #.#
....##.###.....g###.## #.#
....)....#....#.....## #†#
....#................## ####.###
..)...................###......#
.......##......................#
.....)................##.......#
............###................#


You could see a gnoll.

Vanquished Creatures
  2 orc wizards (D:4)
  A centaur skeleton (D:4)
  A worker ant (D:4)
  8 gnolls (D:4)
  3 adders
  3 adder skeletons
  5 worms
  A dart slug (D:3)
  4 leopard geckos
  3 orcs
  8 giant cockroaches
  7 goblins
  8 hobgoblins
  17 jackals
  2 quokkas (D:3)
  10 bats
  6 frilled lizards
  8 kobolds
  6 rats
103 creatures vanquished.

Notes
Turn   | Place    | Note
-------+----------+-------------------------------------------
     0 | D:1      | Godmorgon the Vampire Enchanter began the quest for the
                  | Orb.
     0 | D:1      | Reached XP level 1. HP: 13/13 MP: 3/3
   302 | D:1      | Reached XP level 2. HP: 19/19 MP: 5/5
   306 | D:1      | Learned a level 2 spell: Ensorcelled Hibernation
   736 | D:2      | Reached skill level 5 in Hexes
   806 | D:2      | Reached XP level 3. HP: 24/24 MP: 3/6
   867 | D:2      | Found a shimmering altar of Xom.
  1340 | D:2      | Reached skill level 1 in Ice Magic
  1979 | D:3      | Reached XP level 4. HP: 24/24 MP: 4/7
  2142 | D:3      | Reached skill level 5 in Stealth
  3644 | D:4      | Reached XP level 5. HP: 28/28 MP: 5/8
  4026 | D:4      | Reached skill level 6 in Hexes
  4446 | D:4      | Reached XP level 6. HP: 32/32 MP: 3/10
  4502 | D:4      | Learned a level 3 spell: Confusing Touch
  5220 | D:4      | Slain by a gnoll

Illustrated notes

Levels and vault maps discovered:
D:1:      dpeg_arrival_rooms_with_view, layout_basic
D:2:      layout_basic, hex_large, xom_teletrap_fun
D:3:      cheibrodos_greedy_goblins, layout_basic, kennysheep_flooded_box
D:4:      lemuel_castle_with_subvaults [lemuel_castle_interior_carwin_1],
          layout_rooms, kennysheep_generic_room_6

Skill      XL: |  1  2  3  4  5 |
---------------+----------------+-----
Hexes          | 5 6 |  6.4
Ice Magic      | 1 2 |  2.8
Short Blades   | 2 |  2.7
Stealth        | 5 |  5.7
Dodging        | 3 |  3.1
Spellcasting   | |  2.8

Action                   |  1- 3 |  4- 6 || total
-------------------------+-------+-------++-------
Melee: Dagger            |    91 |   146 ||   237
       Bite              |     6 |     7 ||    13
Throw: Stone             |     2 |       ||     2
       Dart              |       |     2 ||     2
 Cast: Corona            |     4 |    18 ||    22
       Ensorcelled Hiber |    17 |    46 ||    63
       Confusing Touch   |       |     1 ||     1
 Abil: Exsanguinate      |     1 |       ||     1
 Stab: Sleeping          |    33 |    40 ||    73
       Distracted        |       |     1 ||     1
Armor: Robe              |    14 |    40 ||    54
Dodge: Dodged            |    47 |   124 ||   171
